 Dungeon Crawl Stone Soup version 0.27.1-1-g398f81649c (webtiles) character file.

Game seed: 12310748382076932716

38 BOMJPIETVODKU the Digger (level 3, 0/39 HPs)
             Began as a Demonspawn Earth Elementalist on Sept 6, 2021.
             Succumbed to an adder's poison
             ... on level 2 of the Dungeon.
             The game lasted 00:03:38 (1774 turns).

BOMJPIETVODKU the Digger (DsEE)                     Turns: 1774, Time: 00:03:38

Health: 0/39       AC: 21    Str: 14    XL:     3   Next: 25%
Magic:  5/6        EV:  2    Int: 17    God:
Gold:   17         SH:  0    Dex: 13    Spells: 5/6 levels left

rFire    . . .     SeeInvis .   d - +0 dagger
rCold    . . .     Faith    .   (no shield)
rNeg     + + +     Spirit   .   (armour currently unavailable)
rPois    +         Reflect  .   (helmet currently unavailable)
rElec    .         Harm     .   (cloak currently unavailable)
rCorr    .         Rampage  .   (gloves currently unavailable)
Will     .....     NoTele   +   (boots currently unavailable)
Stlth    ++........             (no amulet)
HPRegen  0.13/turn              g - +6 ring of strength
MPRegen  0.10/turn              (no ring)

@: lethally poisoned (0 -> -7), tree-form
A: stationary, stasis, torment immunity, boosted hp, (spiny 1)
a: no special abilities


You were on level 2 of the Dungeon.
You were a tree.
You visited 1 branch of the dungeon, and saw 2 of its levels.

You collected 17 gold pieces.

Inventory:

Hand Weapons
 d - a +0 dagger (weapon)
Missiles
 c - 34 stones
Armour
 b - a +0 robe (melded)
Jewellery
 g - a +6 ring of strength (left branch)
Scrolls
 a - a scroll of identify {unknown}
 e - 3 scrolls of noise {unknown}
 f - a scroll of enchant armour {unknown}
 i - a scroll of fear {unknown}
Potions
 j - a potion of magic {unknown}


   Skills:
 * Level 1.2 Fighting
 - Level 1.7 Dodging
 - Level 1.7 Stealth
 + Level 2.4 Spellcasting
 + Level 1.0 Transmutations
 + Level 3.3 Earth Magic


You had 5 spell levels left.
You knew the following spells:

 Your Spells              Type           Power      Damage    Failure   Level
a - Sandblast             Erth           26%        2d8       4%          1

Your spell library contained the following spells:

 Spells                   Type           Power      Damage    Failure   Level
 Passwall                 Tmut/Erth      7%         N/A       12%         2
 Freeze                   Ice            8%         1d3       19%         1
 Stone Arrow              Conj/Erth      14%        3d7       28%         3
 Frozen Ramparts          Ice            4%         1d2       50%         3
 Petrify                  Tmut/Erth      9%         N/A       58%         4
 Hailstorm                Conj/Ice       2%         3d3       88%         4


Dungeon Overview and Level Annotations

Branches:
Dungeon (2/15)

Altars:


Innate Abilities, Weirdness & Mutations

You are a tree.
Your roots penetrate the ground, keeping you stationary.
You cannot be teleported.
You are immune to unholy pain and torment.
Your maximum health is greatly increased.
Your equipment is partially melded.
((You are partially covered in sharp spines.))


Message History

Unknown command.
You can't do that in your present form.
You can't do that in your present form.
You can't do that in your present form.
You can't do that in your present form.
Your transformation is almost over.
A goblin comes into view. It is wielding a +0 club.
The goblin shouts!
You hit the goblin but do no damage. The goblin completely misses you.
You hit the goblin but do no damage. The goblin misses you.
You completely miss the goblin. You barely miss the goblin.
The goblin completely misses you. The adder barely misses you.
You barely miss the goblin. The goblin barely misses you. The adder misses you.
You hit the goblin.
The goblin is moderately wounded.
The goblin barely misses you. The adder barely misses you.
You closely miss the goblin.
The goblin is moderately wounded.
Your transformation has ended.
Your +0 dagger unmelds from your body.
Your +0 robe unmelds from your body.
Your +6 ring of strength unmelds from your body.
You feel stronger. The adder is struck by your spines. The adder bites you.
* * * LOW HITPOINT WARNING * * *
You are poisoned.
The adder poisons you! The goblin is struck by your spines.
The goblin misses you.
Aiming: Sandblast (safe; 4% risk of failure)
Press: ? - help, Q - select action, (/) - cycle Shift-Dir - straight line, f - goblin
Aim: a goblin, wielding a +0 club (severely wounded, 74% to hit)
The blast of sand hits the goblin!
You kill the goblin!
You feel sick. The adder bites you.
* * * LOW HITPOINT WARNING * * *
You are more poisoned.
The adder poisons you!
It was a potion of lignification.
You turn into a tree.
Your +0 robe melds into your body.
Your roots penetrate the ground.
You die...

...#
#.#######.#.###...####g.....
#### #.# #.# ##.##########.
#.# #.# #......# #. #.# #.#
######.#####. #.# #.#
#....... #.# #g# #######.
######.# #.# #. .......# #S#
#. ######## #♣# #. #)# #.
#.# #. #.# . #.# #.# #.. ###


You could see an adder and a hobgoblin.

Vanquished Creatures
  An endoplasm (D:2)
  3 giant cockroaches
  6 goblins
  3 hobgoblins (D:1)
  3 jackals (D:1)
  4 ball pythons (D:1)
  2 frilled lizards
  6 kobolds
  6 rats
34 creatures vanquished.

Notes
Turn   | Place    | Note
-------+----------+-------------------------------------------
     0 | D:1      | BOMJPIETVODKU the Demonspawn Earth Elementalist began the
                  | quest for the Orb.
     0 | D:1      | Reached XP level 1. HP: 13/13 MP: 3/3
   207 | D:1      | Reached skill level 3 in Earth Magic
   229 | D:1      | Gained mutation: You are partially covered in sharp spines.
                  | [demonic ancestry]
   229 | D:1      | Reached XP level 2. HP: 2/20 MP: 3/5
   710 | D:1      | Reached skill level 1 in Fighting
   960 | D:1      | Reached skill level 1 in Transmutations
  1455 | D:1      | Reached XP level 3. HP: 26/26 MP: 6/6
  1773 | D:2      | HP: 1/26 [adder (5)]
  1774 | D:2      | Succumbed to an adder's poison

Illustrated notes

Levels and vault maps discovered:
D:1:      scummos_arrival_checkerplants, layout_basic
D:2:      layout_loops_ring, serial_shops, nicolae_square_shop

Skill      XL: |  1  2 |
---------------+-------+-----
Earth Magic    | 3 |  3.3
Fighting       | 1 |  1.2
Transmutations | 1 |  1.0
Dodging        | |  1.7
Stealth        | |  1.7
Spellcasting   | |  2.4

Action                   || total
-------------------------++-------
Melee: Dagger            ||    71
       Unarmed           ||    17
 Cast: Sandblast         ||     5
  Use: Potion            ||     1
 Stab: Sleeping          ||     5
Armor: Robe              ||     7
Dodge: Dodged            ||    59
